 Dungeon Crawl Stone Soup version 0.20-a0-870-g4070442 (webtiles) character file.

34 FrozenPanda the Grasshopper (level 3, 0/30 HPs)
             Began as a Draconian Warper on Mar 13, 2017.
             Succumbed to an adder's poison
             ... on level 2 of the Dungeon.
             The game lasted 00:02:15 (1546 turns).

FrozenPanda the Grasshopper (Draconian Warper)      Turns: 1546, Time: 00:02:15

Health: 0/30       AC:  6    Str: 13    XL:     3   Next: 14%
Magic:  6/6        EV: 12    Int: 13    God:
Gold:   69         SH:  0    Dex: 11    Spells: 4/6 levels left

rFire    . . .     SeeInvis .   a - +0 falchion
rCold    . . .     Gourm    .   (armour unavailable)
rNeg     . . .     Faith    .   (no shield)
rPois    .         Spirit   .   (helmet restricted)
rElec    .         Reflect  .   (no cloak)
rCorr    .         Harm     .   q - +0 pair of gloves
MR       .....                  (no boots)
Stlth    +.........             (no amulet)
Regen    0.1/turn               (no ring)
MPRegen  0.1/turn               (no ring)

@: lethally poisoned (0 -> -4), hasted, very quick
A: unfitting armour, cold-blooded, AC +5
a: no special abilities


You were on level 2 of the Dungeon.
You were not hungry.

You visited 1 branch of the dungeon, and saw 2 of its levels.

You collected 69 gold pieces.

Inventory:

Hand Weapons
 a - a +0 falchion (weapon)
Missiles
 d - 5 tomahawks of dispersal (quivered)
 r - 4 poisoned javelins
 u - 6 tomahawks
Armour
 q - a +0 pair of gloves (worn)
Scrolls
 c - a scroll of blinking
 e - a scroll of teleportation {unknown}
 g - 3 scrolls of enchant weapon {unknown}
 h - a scroll of remove curse {unknown}
 i - 2 scrolls of enchant armour {unknown}
 k - a scroll of amnesia {unknown}
 n - a scroll of identify {unknown}
 o - a scroll of recharging {unknown}
 p - a scroll of random uselessness {unknown}
Potions
 m - a potion of lignification {unknown}
 t - a potion of invisibility {unknown}
 v - a potion of resistance {unknown}
 w - a potion of berserk rage {unknown}
 x - a potion of might {unknown}
Books
 b - a book of Spatial Translocations

   Spells                             Type                      Level
   a - Blink                          Translocation                2
   b - Shroud of Golubria             Charms/Translocation         2
   c - Lesser Beckoning               Translocation                3
   d - Gell's Gravitas                Translocation                3
   e - Teleport Other                 Translocation                3
   f - Passage of Golubria            Translocation                4
Comestibles
 f - 2 bread rations
 j - 2 meat rations
 s - a chunk of flesh


   Skills:
 + Level 2.4 Fighting
 + Level 2.2 Long Blades
 - Level 0.8 Throwing
 + Level 2.6 Dodging
 + Level 1.1 Stealth
 + Level 2.3 Spellcasting
 + Level 3.0 Translocations


You had 4 spell levels left.
You knew the following spells:

 Your Spells              Type           Power        Failure   Level  Hunger
b - Blink                 Tloc           N/A          12%         2    ###....


Dungeon Overview and Level Annotations

Branches:
Dungeon (2/15)

Altars:


Innate Abilities, Weirdness & Mutations

Your plain brown scales are hard. (AC +5)
You cannot fit into any form of body armour.
You are cold-blooded and may be slowed by cold attacks.


Message History

The adder misses you.
You miss the adder.
The adder is severely wounded.
* * * LOW HITPOINT WARNING * * *
You feel sick. The adder bites you.
* * * LOW HITPOINT WARNING * * *
The adder closely misses you.
You closely miss the adder.
The adder is severely wounded.
* * * LOW HITPOINT WARNING * * *
You feel sick. The adder bites you.
* * * LOW HITPOINT WARNING * * *
You hit the adder.
You kill the adder!
You have reached level 3!
Your experience leads to an increase in your attributes!
Increase (S)trength, (I)ntelligence, or (D)exterity?
You feel agile.
Your scales feel tougher.
It was a potion of haste.
You feel yourself speed up.
You die...

### #.# ###########.#
.......@....# #####
###########.# #...#
########(#######.#.##
#..).................
#>.............).รท...
#.#.#..#..####.###.##
#...#..#.......# #.#
#####..##.###### #..
#...#.# ####


There were no monsters in sight!

Vanquished Creatures
  An adder (D:2)
  5 bats
  2 giant cockroaches
  3 goblins
  2 hobgoblins (D:1)
  5 kobolds
  2 frilled lizards (D:1)
  2 rats
22 creatures vanquished.

Notes
Turn   | Place    | Note
-------+----------+-------------------------------------------
     0 | D:1      | FrozenPanda the Draconian Warper began the quest for the Orb.
     0 | D:1      | Reached XP level 1. HP: 17/17 MP: 3/3
   350 | D:1      | Reached XP level 2. HP: 24/24 MP: 5/5
   880 | D:1      | Reached skill level 1 in Stealth
  1020 | D:1      | Learned a level 2 spell: Blink
  1544 | D:2      | HP: 1/25 [adder (1)]
  1545 | D:2      | Reached XP level 3. HP: 1/30 MP: 6/6
  1546 | D:2      | Succumbed to an adder's poison

Vault maps used:
D:1:      shiori_arrival_elements, minmay_distorted
D:2:      first_bread

Skill      XL: |  1  2 |
---------------+-------+-----
Stealth        | 1 |  1.1
Fighting       | |  2.4
Long Blades    | |  2.2
Throwing       | |  0.8
Dodging        | |  2.6
Spellcasting   | |  2.3
Translocations | |  3.0

Action                   || total
-------------------------++-------
Melee: Falchion          ||    68
       Tailslap          ||     5
  Use: Potion            ||     1
 Stab: Sleeping          ||     2
  Eat: Chunk             ||     2
Armor: Skin              ||    30
Dodge: Dodged            ||    55
       Rpst.: Falchion   ||    17
